 Dungeon Crawl Stone Soup version 0.27-a0-637-g3a9f0a9c12 (webtiles) character file.

Game seed: 6873652760653335557

575 spiderkeys the Chopper (level 7, -3/61 HPs)
             Began as a Minotaur Berserker on Mar 14, 2021.
             Was a Priest of Trog.
             Slain by a centaur (8 damage)
             ... on level 5 of the Dungeon.
             The game lasted 00:04:02 (5006 turns).

spiderkeys the Chopper (Minotaur Berserker)         Turns: 5006, Time: 00:04:04

Health: -3/61      AC: 15    Str: 23    XL:     7   Next: 12%
Magic:  6/6        EV: 11    Int:  4    God:    Trog [***...]
Gold:   188        SH:  0    Dex: 10    Spells: 6/6 levels left

rFire    . . .     SeeInvis .   a - +0 hand axe
rCold    . . .     Faith    .   (no shield)
rNeg     . . .     Spirit   .   n - +0 scale mail
rPois    .         Reflect  .   (helmet restricted)
rElec    .         Harm     .   k - +2 cloak {rCorr}
rCorr    +         Rampage  .   s - +0 pair of gloves
Will     +....                  (no boots)
Stlth    ..........             (no amulet)
HPRegen  0.20/turn              g - ring of willpower
MPRegen  0.10/turn              t - +4 ring of protection

@: lethally poisoned (-3 -> -6), berserk cooldown, slowed, very slow
A: horns 2, retaliatory headbutt
a: Renounce Religion, Berserk, Trog's Hand


You were on level 5 of the Dungeon.
You worshipped Trog.
Trog was most pleased with you.
You visited 1 branch of the dungeon, and saw 5 of its levels.

You collected 188 gold pieces.

Inventory:

Hand Weapons
 a - a +0 hand axe (weapon)
Armour
 k - a +2 cloak of preservation (worn)
 n - a +0 scale mail (worn)
 s - a +0 pair of gloves (worn)
Jewellery
 g - a ring of willpower (right hand)
 t - a +4 ring of protection (left hand)
Wands
 o - a wand of acid (4)
Scrolls
 c - a scroll of blinking {unknown}
 d - a scroll of immolation {unknown}
 f - 2 scrolls of magic mapping {unknown}
 i - 3 scrolls of noise {unknown}
 j - 8 scrolls of identify {unknown}
 l - 2 scrolls of fog {unknown}
 p - 2 scrolls of teleportation {unknown}
 q - a scroll of random uselessness {unknown}
 r - 3 scrolls of amnesia {unknown}
Potions
 b - a potion of attraction {unknown}
 e - 3 potions of curing {unknown}
 h - 2 potions of mutation {unknown}
 m - a potion of berserk rage {unknown}


   Skills:
 + Level 5.4 Fighting
 * Level 6.8 Axes
 + Level 4.6 Armour
 + Level 4.3 Dodging


You had 6 spell levels left.
You didn't know any spells.
Your spell library was empty.

Dungeon Overview and Level Annotations

Branches:
Dungeon (5/15)
 Temple: D:4-7

Altars:
Okawaru
Qazlal
Ru
Uskayaw
Wu Jian

Shops:
D:5 [


Innate Abilities, Weirdness & Mutations

You have a pair of horns on your head.
You reflexively headbutt those who attack you in melee.


Message History

The killer bee stings you but does no damage.
The killer bee barely misses you. You furiously retaliate!
You headbutt the killer bee!
You kill the killer bee!
Trog accepts your kill.
You have reached level 7!
You feel sick. The killer bee barely misses you.
The killer bee stings you but does no damage.
The killer bee stings you but does no damage. x2
The centaur unwields a +0 shortbow.
The centaur completely misses you.
You feel sick. The killer bee closely misses you.
The centaur barely misses you. You furiously retaliate!
You headbutt the centaur!
Okay, then.
The killer bee stings you but does no damage. x2
The killer bee completely misses you. You furiously retaliate!
You headbutt the killer bee.
The killer bee stings you but does no damage.
You feel sick.
The killer bee stings you but does no damage. x3
The killer bee barely misses you. You furiously retaliate!
You headbutt the killer bee, but do no damage.
The killer bee closely misses you.
The killer bee stings you but does no damage.
The killer bee stings you.
* * * LOW HITPOINT WARNING * * *
The killer bee stings you but does no damage. x2
You feel sick. The killer bee closely misses you. The killer bee misses you.
You furiously retaliate!
You headbutt the killer bee.
You kill the killer bee!
Trog accepts your kill. The killer bee closely misses you.
There is a stone staircase leading up here.
The killer bee stings you.
* * * LOW HITPOINT WARNING * * *
You are more poisoned.
The killer bee poisons you!
The centaur hits you but does no damage.
The killer bee misses you. The centaur hits you!
You die...

. ###..# . .....# .
....# '#### #..#
....######..#########
....#...............+
....#.........Oc....#
....'..††...o..y@..>#
..†.##'##########+###
....#..### ..).#....#
.⌠))#....# ∩...#....#
.⌠..###### ........
........


You could see an ogre, a centaur, a killer bee and an orc.

Vanquished Creatures
  An ogre (D:4)
  5 killer bees (D:5)
  Crazy Yiuf (D:2)
  Jessica (D:2)
  2 orc wizards
  4 gnolls (D:2)
  4 adders
  2 dart slugs (D:1)
  3 leopard geckos
  13 orcs
  2 ball pythons (D:1)
  8 bats
  5 giant cockroaches
  10 goblins
  2 hobgoblins
  4 quokkas
  4 frilled lizards
  12 kobolds
  9 rats
92 creatures vanquished.

Vanquished Creatures (others)
  8 plants (D:1)
8 creatures vanquished.

Grand Total: 100 creatures vanquished

Notes
Turn   | Place    | Note
-------+----------+-------------------------------------------
     0 | D:1      | spiderkeys the Minotaur Berserker began the quest for the
                  | Orb.
     0 | D:1      | Reached XP level 1. HP: 19/19 MP: 0/0
   274 | D:1      | Reached XP level 2. HP: 27/27 MP: 1/1
   357 | D:1      | Reached skill level 4 in Axes
   604 | D:1      | Reached ** piety under Trog
   736 | D:1      | Reached XP level 3. HP: 32/33 MP: 2/2
  1565 | D:2      | Noticed Jessica
  1570 | D:2      | Killed Jessica
  1571 | D:2      | Reached XP level 4. HP: 36/40 MP: 3/3
  1799 | D:2      | Found a runed translucent door.
  1800 | D:2      | Noticed Crazy Yiuf
  1972 | D:2      | Reached skill level 5 in Axes
  2166 | D:2      | Reached XP level 5. HP: 42/47 MP: 4/4
  2874 | D:2      | Killed Crazy Yiuf
  3156 | D:3      | Found an ornate altar of the Wu Jian Council.
  3463 | D:3      | Found a hide-covered altar of Uskayaw.
  3464 | D:3      | Found a stormy altar of Qazlal.
  3464 | D:3      | Found a sacrificial altar of Ru.
  3470 | D:3      | Reached *** piety under Trog
  4044 | D:4      | Noticed an ogre
  4052 | D:4      | Killed an ogre
  4053 | D:4      | Reached skill level 6 in Axes
  4053 | D:4      | Reached XP level 6. HP: 30/55 MP: 5/5
  4659 | D:4      | Found an iron altar of Okawaru.
  4808 | D:4      | Reached skill level 5 in Fighting
  4927 | D:5      | Entered Level 5 of the Dungeon
  4947 | D:5      | Found Ihiujesira's Armour Boutique.
  4999 | D:5      | Reached XP level 7. HP: 11/61 MP: 6/6
  5006 | D:5      | Slain by a centaur

Illustrated notes

Levels and vault maps discovered:
D:1:      dpeg_arrival_houses_and_road, layout_loops_ring,
          serial_co_window_serial, co_window_cross_1, co_window_paths_a,
          co_window_paths_a, co_window_corner_a, co_window_paths_a,
          co_window_2corner, co_window_of_opportunity_b, co_window_2corner,
          co_window_paths_c, co_window_broadway_c, co_window_paths_e,
          glass_columns_a, minivault_23, lexackson_kobold_supper
D:2:      layout_basic, minmay_pentomino_w4, uniq_jessica,
          uniq_crazy_yiuf_cottage
D:3:      layout_loops_cross, chequers_temple_overflow_statue_of_worship,
          nicolae_wu_jian_wuxing_cycle, patterned_corridor
D:4:      layout_gridville, lemuel_round_altar, abandoned_shop
D:5:      layout_gridville, elyvilon_altar_1, temple_fountains, serial_shops,
          shop_fountains, item_on_display_a, uniq_pikel

Skill      XL: |  1  2  3  4  5  6 |
---------------+-------------------+-----
Axes           | 4 5 6 |  6.8
Fighting       | 4 5 |  5.4
Armour         | 3 4 |  4.6
Dodging        | 3 4 |  4.3

Action                   |  1- 3 |  4- 6 |  7- 9 || total
-------------------------+-------+-------+-------++-------
Melee: Hand axe          |    60 |   100 |       ||   160
       Headbutt          |     9 |    20 |       ||    29
Invok: Berserk           |       |     2 |       ||     2
Armor: Animal skin       |    12 |       |       ||    12
       Ring mail         |       |    14 |       ||    14
       Scale mail        |       |    45 |    13 ||    58
Dodge: Dodged            |    41 |    78 |    11 ||   130

Table legend: (Time is in decaauts)
 A = Elapsed time spent in this place.
 B = Non-inter-level travel time spent in this place.
 C = Inter-level travel time spent in this place.
 D = Time resting spent in this place.
 E = Time spent auto-exploring this place.
 F = Levels seen in this place.
 G = Mean time per level.
                   A        B        C        D        E       F      G
               +--------+--------+--------+--------+--------+-----+--------+
         Total |   5020 |   4687 |    333 |      0 |   4265 |   5 | 1004.0 |
       Dungeon |   5020 |   4687 |    333 |      0 |   4265 |   5 | 1004.0 |
               +--------+--------+--------+--------+--------+-----+--------+

Top non-repeatable levels by time:
     D:2: 1561 daAuts
     D:1: 1526 daAuts
     D:4: 1073 daAuts
     D:3: 778 daAuts
     D:5: 81 daAuts
